 Dungeon Crawl Stone Soup version 0.28.0-53-g5a82cb258f (webtiles) character file.

Game seed: 11354759785123667509

22 LynnLen the Sneak (level 2, 0/19 HPs)
             Began as a Vampire Enchanter on Aug 1, 2022.
             Succumbed to an adder's poison
             ... on level 1 of the Dungeon.
             The game lasted 00:03:12 (1290 turns).

LynnLen the Sneak (Vampire Enchanter)               Turns: 1290, Time: 00:03:13

Health: 0/19       AC:  3    Str:  7    XL:     2   Next: 68%
Magic:  5/5        EV: 12    Int: 17    God:
Gold:   30         SH:  0    Dex: 14    Spells: 5/5 levels left

rFire   . . .      SeeInvis +   a - +1 dagger
rCold   . . .      Faith    .   (no shield)
rNeg    . . .      Spirit   .   b - +0 robe
rPois   .          Reflect  .   (no helmet)
rElec   .          Harm     .   (no cloak)
rCorr   .          Rampage  .   (no gloves)
Will    .....                   f - +0 pair of boots
Stlth   +++.......              (no amulet)
HPRegen 0.26/turn               (no ring)
MPRegen 0.09/turn               (no ring)

@: lethally poisoned (0 -> -5), healing quickly
A: alive, fangs 3, see invisible, vampiric 1
a: Exsanguinate


You were on level 1 of the Dungeon.
You visited 1 branch of the dungeon, and saw 2 of its levels.

You collected 30 gold pieces.

Inventory:

Hand Weapons
 a - a +1 dagger (weapon)
Armour
 b - a +0 robe (worn)
 f - a +0 pair of boots (worn)
Scrolls
 g - a scroll of blinking {unknown}
Potions
 c - a potion of invisibility
 e - a potion of berserk rage {unknown}


   Skills:
 * Level 1.8 Short Blades
 * Level 2.7 Dodging
 + Level 5.1 Stealth
 - Level 2.0 Spellcasting
 - Level 4.4 Hexes


You had 5 spell levels left.
You didn't know any spells.
Your spell library contained the following spells:

 Spells                   Type           Power      Damage    Failure   Level
 Confusing Touch          Hex            16%        N/A       10%         3
 Tukima's Dance           Hex            16%        N/A       10%         3
 Ensorcelled Hibernation  Hex/Ice        18%        N/A       12%         2
 Magic Dart               Conj           4%         1d3       19%         1
 Dazzling Flash           Conj/Hex       18%        N/A       24%         3
 Call Imp                 Summ           1%         N/A       28%         2
 Mephitic Cloud           Conj/Pois/Air  1%         N/A       50%         3


Dungeon Overview and Level Annotations

Branches:
Dungeon (2/15)

Altars:


Innate Abilities, Weirdness & Mutations

Your natural rate of healing is accelerated.
You have razor-sharp teeth.
You have supernaturally acute eyesight. (SInv)
You are afflicted with vampirism.


Message History

You feel sick. The adder closely misses you.
You closely miss the adder.
The adder is lightly wounded.
You feel sick. The adder misses you.
You closely miss the adder.
The adder is lightly wounded.
You feel sick.
You are no longer poisoned.
The adder barely misses you.
You hit the adder.
The adder is lightly wounded.
The adder closely misses you. The adder bites you.
* * * LOW HITPOINT WARNING * * *
You hit the adder but do no damage.
The adder is lightly wounded.
The adder barely misses you.
You closely miss the adder.
The adder is lightly wounded.
The adder closely misses you.
You miss the adder.
The adder is lightly wounded.
The adder barely misses you.
You hit the adder.
The adder is moderately wounded.
The adder barely misses you.
You hit the adder.
The adder is heavily wounded.
The adder closely misses you.
You hit the adder.
The adder is severely wounded.
The adder bites you but does no damage.
You barely miss the adder.
The adder is severely wounded.
The adder barely misses you. The adder bites you.
* * * LOW HITPOINT WARNING * * *
You are lethally poisoned!
The adder poisons you!
You hit the adder. Your bite misses the adder.
The adder is severely wounded.
You die...

.........####....#
#.......## ##...#
##.....## ##.##
##...## #..# ##'##
##.# #.# #.#
#.#### #.#
##.##.## #S#
###......## #@#
##........## #.#
...........#####.#
####.............#
# #.#...#########
# #.##.## # #.####
# #.# # #.#


You could see an adder.

Vanquished Creatures
  A ball python (D:1)
  2 endoplasms
  A giant cockroach (D:1)
  3 goblins (D:1)
  3 hobgoblins (D:1)
  2 quokkas (D:1)
  A bat (D:1)
  2 frilled lizards (D:1)
  2 kobolds (D:1)
  2 rats (D:1)
19 creatures vanquished.

Vanquished Creatures (others)
  7 plants (D:2)
7 creatures vanquished.

Grand Total: 26 creatures vanquished

Notes
Turn   | Place    | Note
-------+----------+-------------------------------------------
     0 | D:1      | LynnLen the Vampire Enchanter began the quest for the Orb.
     0 | D:1      | Reached XP level 1. HP: 13/13 MP: 3/3
   341 | D:1      | Reached XP level 2. HP: 15/19 MP: 5/5
   756 | D:1      | Reached skill level 5 in Stealth
  1290 | D:1      | Succumbed to an adder's poison

Illustrated notes

Levels and vault maps discovered:
D:1:      minmay_arrival_split_and_join, layout_loops_corners
D:2:      layout_rooms, nicolae_grassy_gnolls, uniq_robin

Skill      XL: |  1  2 |
---------------+-------+-----
Stealth        | 5 |  5.1
Short Blades   | |  1.8
Dodging        | |  2.7
Spellcasting   | |  2.0
Hexes          | |  4.4

Action                   || total
-------------------------++-------
Melee: Dagger            ||    77
       Bite              ||     4
  Use: Scroll            ||     1
       Potion            ||     1
 Stab: Sleeping          ||     7
Armor: Robe              ||     9
Dodge: Dodged            ||    57
